Capitals vs Panthers

Created - 24 janvier 2019 at 21:20

Goals
1 2 3 T
Capitals 1 1 1 3
Panthers 0 1 1 2
Shots
1 2 3 T
Capitals 8 6 8 22
Panthers 9 10 7 26

1st period

1. Capitals , Tyler Graovac 4 (Evan Rodrigues 11, David Desharnais 10) at 13:23

Penalties :
Andy Greene (FLA) for Tripping (Minor) at 3:46, T.J. Brodie (FLA) for Hooking (Minor) at 8:28

2nd period

2. Capitals , Evan Rodrigues 8 (Mark Borowiecki 4, Ryan McDonagh 14) at 8:14
3. Panthers , Aleksander Barkov 22 (Drew Doughty 23, Patrik Laine 9) at 9:14

Penalties :
Derek Dorsett (WSH) for Holding (Minor) at 5:47, Blake Wheeler (FLA) for High sticking (Minor) at 16:29

3rd period

4. Capitals , Cody Eakin 10 (Dmitri Orlov 14, Ryan Kesler 13) at 1:43
5. Panthers , Joe Thornton 13 (Francois Beauchemin 8, Michael Matheson 23) at 18:12

Penalties :
No Penalty

Goalie Stats

Martin Jones (WSH), 24 saves from 26 shots - (0.923), W, 11-12-5, 60:00 minutes
Devan Dubnyk (FLA), 19 saves from 22 shots - (0.864), L, 16-14-8, 59:22 minutes

Players Stats for Capitals

Player Name              G  A  P  +/- PIM S  H  SB GA TA FO     MP     PP MP  PK MP  
------------------------------------------------------------------------------------
Alexander Ovechkin       0  0  0  -2  0   1  1  0  0  0  3/7    24:52   3:18   0:58 
Calvin de Haan           0  0  0   0  0   0  0  1  0  0  0/0    12:20   0:05   0:00 
Chandler Stephenson      0  0  0   0  0   0  0  0  0  0  0/0     0:00   0:00   0:00 
Cody Eakin               1  0  1   1  0   2  0  0  0  0  0/0    18:50   2:39   1:01 
David Desharnais         0  1  1   2  0   1  0  0  0  0  1/3    19:46   2:39   1:01 
Derek Dorsett            0  0  0   0  2   0  1  0  0  0  0/1     5:13   0:00   0:00 
Dmitri Orlov             0  1  1   0  0   0  0  1  0  0  0/0    16:19   3:06   0:37 
Evan Rodrigues           1  1  2   2  0   4  0  0  0  0  1/1    15:45   0:00   0:00 
Lukas Sedlak             0  0  0   1  0   1  0  0  0  0  0/1    15:22   0:00   0:00 
Mark Borowiecki          0  1  1   0  0   2  4  0  0  0  0/0    16:25   0:00   0:00 
Mathieu Perreault        0  0  0  -2  0   2  3  0  0  0  4/19   18:34   2:39   0:00 
Mike Green               0  0  0   1  0   0  1  0  0  0  0/0    22:31   3:01   1:22 
Morgan Rielly            0  0  0   1  0   0  1  0  0  0  0/0    22:00   2:51   1:22 
Ryan Kesler              0  1  1   1  0   2  3  0  0  0  11/16  16:14   0:00   0:52 
Ryan McDonagh            0  1  1   0  0   1  0  0  0  0  0/0    25:09   2:51   0:37 
Ryan Murphy              0  0  0   0  0   1  0  0  0  0  0/0     5:16   0:00   0:00 
Taylor Hall              0  0  0  -2  0   3  0  0  0  0  4/8    24:00   3:18   0:06 
Tyler Graovac            1  0  1   2  0   2  1  1  0  0  11/22  19:24   3:18   0:00 

Players Stats for Panthers

Player Name              G  A  P  +/- PIM S  H  SB GA TA FO     MP     PP MP  PK MP  
------------------------------------------------------------------------------------
Aleksander Barkov        1  0  1   0  0   3  0  0  0  0  13/16  17:02   1:15   1:51 
Andrew Ladd              0  0  0   0  0   1  0  0  0  0  0/0    12:27   0:00   0:29 
Andy Greene              0  0  0  -1  2   1  1  1  0  0  0/0    22:56   1:15   2:38 
Blake Wheeler            0  0  0  -1  2   1  0  0  0  0  0/0    19:16   0:44   0:00 
Drew Doughty             0  1  1  -1  0   0  4  4  0  0  0/0    23:20   0:44   2:56 
Francois Beauchemin      0  1  1   1  0   0  1  0  0  0  0/0    17:29   0:00   3:30 
Joe Thornton             1  0  1   0  0   3  1  0  0  0  5/12   11:58   0:00   0:00 
Joel Armia               0  0  0   0  0   0  1  0  0  0  0/0     9:28   0:00   1:51 
Justin Williams          0  0  0   0  0   0  0  0  0  0  0/0    11:58   0:00   0:00 
Luke Glendening          0  0  0   0  0   1  3  0  0  0  9/19   11:14   0:00   3:37 
Matthew Tkachuk          0  0  0  -1  0   2  0  0  0  0  1/2    19:46   0:44   0:29 
Michael Matheson         0  1  1   1  0   2  0  1  0  0  0/0    14:38   1:15   0:17 
Nikolaj Ehlers           0  0  0   0  0   3  1  0  0  0  1/2    15:11   1:15   0:00 
Patrik Laine             0  1  1   0  0   2  1  0  0  0  2/3    15:11   1:15   0:00 
Pierre-Edouard Bellemare 0  0  0   0  0   0  0  0  0  0  0/1    11:14   0:00   3:37 
Samuel Girard            0  0  0  -1  0   2  1  0  0  0  0/0    18:42   0:00   0:17 
T.J. Brodie              0  0  0  -1  2   2  0  2  0  0  0/0    22:53   0:44   2:16 
Tyler Seguin             0  0  0  -1  0   3  0  1  0  0  12/23  19:17   0:44   0:00 

3 Stars

1 - Evan Rodrigues (WSH)
2 - Tyler Graovac (WSH)
3 - Cody Eakin (WSH)

Power Play

Capitals - 0 on 3 Attempt(s) - 0.00%
Panthers - 0 on 1 Attempt(s) - 0.00%

Penalty Kill

Capitals - 1 on 1 Attempt(s) - 100.00% - Score 0 goal in Penalty Kill
Panthers - 3 on 3 Attempt(s) - 100.00% - Score 0 goal in Penalty Kill

Team Stat

Capitals - Hits : 15 - Faceoff Wins : 35 - Blocked Shots : 3 - Penalty Minutes : 2
Panthers - Hits : 14 - Faceoff Wins : 43 - Blocked Shots : 9 - Penalty Minutes : 6

Official

Referees : Ian Walsh and Tom Kowal
Linesman : Derek Amell and Brad Lazarowich

Game Notes

No Game Note

Finance

Level 1 -- Attendance: 6000 (100.00%) -- Ticket Income 660 000 $
Level 2 -- Attendance: 4539 (90.78%) -- Ticket Income 340 425 $
Level 3 -- Attendance: 3500 (100.00%) -- Ticket Income 175 000 $
Level 4 -- Attendance: 3063 (81.68%) -- Ticket Income 61 260 $
Luxury Box -- Attendance: 1000 (100.00%) -- Ticket Income 205 000 $
Game was played at the BBT Center.
Total Attendance: 18102 (94.04%)
Total Ticket Income: 1 441 685 $
Other Income: 706 426 $
Total Income: 2 148 111 $

% Time on Ice - Capitals

Lines # - Real PCT - Wanted PCT - Time Play
Normal Forward
1 - 31% - 40% - 15:55
2 - 30% - 30% - 15:45
3 - 30% - 20% - 15:22
4 - 9% - 10% - 4:41
Normal Defense
1 - 32% - 40% - 16:25
2 - 34% - 30% - 17:47
3 - 24% - 20% - 12:15
4 - 10% - 10% - 5:16
PP Forward
1 - 55% - 60% - 3:18
2 - 45% - 40% - 2:39
PP Defense
1 - 48% - 60% - 2:51
2 - 52% - 40% - 3:06
PK Forward
1 - 95% - 60% - 1:53
2 - 5% - 40% - 0:06
PK Defense
1 - 31% - 60% - 0:37
2 - 69% - 40% - 1:22
PK3 Forward
1 - 0% - 60%
2 - 0% - 40%
PK3 Defense
1 - 0% - 60%
2 - 0% - 40%
44 Forward
1 - 0% - 60%
2 - 0% - 40%
44 Defense
1 - 0% - 60%
2 - 0% - 40%
Last Minute Offensive  - 0:00
Last Minute Defensive  - 0:21
Total
Forward - 60:00
Defense - 60:00

% Time on Ice - Panthers

Lines # - Real PCT - Wanted PCT - Time Play
Normal Forward
1 - 35% - 40% - 17:40
2 - 27% - 30% - 13:56
3 - 23% - 20% - 11:58
4 - 15% - 10% - 7:37
Normal Defense
1 - 38% - 42% - 19:40
2 - 36% - 36% - 18:25
3 - 26% - 22% - 13:06
4 - 0% - 0% - 0:00
PP Forward
1 - 37% - 55% - 0:44
2 - 63% - 45% - 1:15
PP Defense
1 - 37% - 55% - 0:44
2 - 63% - 45% - 1:15
PK Forward
1 - 69% - 60% - 4:06
2 - 31% - 40% - 1:51
PK Defense
1 - 49% - 50% - 2:56
2 - 51% - 50% - 3:01
PK3 Forward
1 - 0% - 60%
2 - 0% - 40%
PK3 Defense
1 - 0% - 50%
2 - 0% - 50%
44 Forward
1 - 0% - 60%
2 - 0% - 40%
44 Defense
1 - 0% - 60%
2 - 0% - 40%
Last Minute Offensive  - 0:53
Last Minute Defensive  - 0:00
Total
Forward - 60:00
Defense - 60:00

Play-by-Play

1st period


0:01 of 1st period - Taylor Hall wins face-off versus Tyler Seguin in neutral zone.
0:25 of 1st period - Taylor Hall is hit by Drew Doughty and loses puck.
1:39 of 1st period - Off-side.
1:40 of 1st period - Joe Thornton wins face-off versus Ryan Kesler in neutral zone.
2:00 of 1st period - Shot by Joe Thornton.
2:00 of 1st period - Stopped by Martin Jones with a rebound.
2:18 of 1st period - Shot by Ryan Kesler.
2:18 of 1st period - Stopped by Devan Dubnyk with a rebound.
2:34 of 1st period - Icing by Ryan Murphy.
2:35 of 1st period - Alexander Ovechkin wins face-off versus Luke Glendening in Capitals zone.
2:35 of 1st period - Alexander Ovechkin is hit by Luke Glendening.
2:41 of 1st period - Pierre-Edouard Bellemare is hit by Derek Dorsett and loses puck.
3:21 of 1st period - Icing by T.J. Brodie.
3:22 of 1st period - Luke Glendening wins face-off versus Tyler Graovac in Panthers zone.
3:36 of 1st period - Icing by Morgan Rielly.
3:37 of 1st period - Tyler Seguin wins face-off versus Tyler Graovac in Capitals zone.
3:46 of 1st period - Shot by Evan Rodrigues.
3:46 of 1st period - Stopped by Devan Dubnyk without a rebound.
3:46 of 1st period - Minor Penalty to Andy Greene for Tripping.
3:47 of 1st period - Luke Glendening wins face-off versus Mathieu Perreault in Panthers zone.
4:20 of 1st period - Shot by Aleksander Barkov.
4:20 of 1st period - Stopped by Martin Jones with a rebound.
4:22 of 1st period - Shot by Aleksander Barkov.
4:22 of 1st period - Shot Misses the Net.
4:31 of 1st period - Off-side.
4:32 of 1st period - Taylor Hall wins face-off versus Luke Glendening in neutral zone.
4:34 of 1st period - Off-side.
4:35 of 1st period - Alexander Ovechkin wins face-off versus Luke Glendening in neutral zone.
4:55 of 1st period - Shot by Ryan McDonagh.
4:55 of 1st period - Stopped by Devan Dubnyk without a rebound.
4:56 of 1st period - Luke Glendening wins face-off versus Taylor Hall in Panthers zone.
5:50 of 1st period - Ryan Kesler is hit by Andy Greene.
5:54 of 1st period - Shot by Lukas Sedlak.
5:54 of 1st period - Stopped by Devan Dubnyk without a rebound.
5:55 of 1st period - Ryan Kesler wins face-off versus Tyler Seguin in Panthers zone.
6:21 of 1st period - Shot by Blake Wheeler.
6:21 of 1st period - Stopped by Martin Jones with a rebound.
6:25 of 1st period - Shot by Matthew Tkachuk.
6:25 of 1st period - Deflect By Blake Wheeler.
6:25 of 1st period - Shot Misses the Net.
6:56 of 1st period - Icing by Michael Matheson.
6:57 of 1st period - Patrik Laine wins face-off versus Mathieu Perreault in Panthers zone.
6:59 of 1st period - Icing by Nikolaj Ehlers.
7:00 of 1st period - Aleksander Barkov wins face-off versus Mathieu Perreault in Panthers zone.
7:05 of 1st period - Shot by Aleksander Barkov.
7:05 of 1st period - Deflect By Patrik Laine.
7:05 of 1st period - Stopped by Martin Jones with a rebound.
8:28 of 1st period - Minor Penalty to T.J. Brodie for Hooking.
8:29 of 1st period - Luke Glendening wins face-off versus Mathieu Perreault in Panthers zone.
8:42 of 1st period - Shot by Dmitri Orlov.
8:42 of 1st period - Shot Blocked by Andy Greene.
8:44 of 1st period - Shot by Mike Green.
8:44 of 1st period - Shot Blocked by Drew Doughty.
8:52 of 1st period - Shot by Cody Eakin.
8:52 of 1st period - Stopped by Devan Dubnyk without a rebound.
8:53 of 1st period - Luke Glendening wins face-off versus Taylor Hall in Panthers zone.
9:46 of 1st period - Shot by Mathieu Perreault.
9:46 of 1st period - Shot Misses the Net.
10:28 of 1st period - Shot by Alexander Ovechkin.
10:28 of 1st period - Shot Blocked by Drew Doughty.
10:34 of 1st period - Shot by Blake Wheeler.
10:34 of 1st period - Shot Blocked by Dmitri Orlov.
10:36 of 1st period - Shot by Drew Doughty.
10:36 of 1st period - Shot Misses the Net.
11:12 of 1st period - Icing by Derek Dorsett.
11:13 of 1st period - Aleksander Barkov wins face-off versus Taylor Hall in Capitals zone.
11:26 of 1st period - Shot by Nikolaj Ehlers.
11:26 of 1st period - Stopped by Martin Jones without a rebound.
11:27 of 1st period - Tyler Graovac wins face-off versus Joe Thornton in Capitals zone.
11:56 of 1st period - Icing by Michael Matheson.
11:57 of 1st period - Joe Thornton wins face-off versus Ryan Kesler in Panthers zone.
11:57 of 1st period - Joe Thornton is hit by Ryan Kesler.
12:52 of 1st period - Icing by Dmitri Orlov.
12:53 of 1st period - Tyler Seguin wins face-off versus Mathieu Perreault in Capitals zone.
12:57 of 1st period - Shot by Blake Wheeler.
12:57 of 1st period - Shot Misses the Net.
13:03 of 1st period - Shot by Matthew Tkachuk.
13:03 of 1st period - Deflect By Tyler Seguin.
13:03 of 1st period - Stopped by Martin Jones with a rebound.
13:05 of 1st period - Shot by Samuel Girard.
13:05 of 1st period - Stopped by Martin Jones without a rebound.
13:06 of 1st period - Aleksander Barkov wins face-off versus Tyler Graovac in Capitals zone.
13:09 of 1st period - Shot by Patrik Laine.
13:09 of 1st period - Stopped by Martin Jones without a rebound.
13:10 of 1st period - Tyler Graovac wins face-off versus Tyler Seguin in Capitals zone.
13:21 of 1st period - Shot by David Desharnais.
13:21 of 1st period - Deflect By Evan Rodrigues.
13:21 of 1st period - Shot Misses the Net.
13:23 of 1st period - Shot by Tyler Graovac.
13:23 of 1st period - Goal by Tyler Graovac - Capitals : 1 - Panthers : 0.
13:24 of 1st period - Aleksander Barkov wins face-off versus Mathieu Perreault in neutral zone.
14:01 of 1st period - Taylor Hall is hit by Drew Doughty and loses puck.
15:25 of 1st period - Icing by Mike Green.
15:26 of 1st period - Luke Glendening wins face-off versus Tyler Graovac in Capitals zone.
15:34 of 1st period - Mike Green is hit by Francois Beauchemin.
16:06 of 1st period - Shot by Ryan Kesler.
16:06 of 1st period - Stopped by Devan Dubnyk with a rebound.
16:18 of 1st period - Cody Eakin is hit by Luke Glendening and loses puck.
17:01 of 1st period - Shot by Alexander Ovechkin.
17:01 of 1st period - Deflect By Taylor Hall.
17:01 of 1st period - Shot Blocked by Drew Doughty.
17:03 of 1st period - Shot by Mark Borowiecki.
17:03 of 1st period - Stopped by Devan Dubnyk without a rebound.
17:04 of 1st period - Alexander Ovechkin wins face-off versus Matthew Tkachuk in Panthers zone.
17:57 of 1st period - Icing by Ryan McDonagh.
17:58 of 1st period - Aleksander Barkov wins face-off versus Alexander Ovechkin in Capitals zone.
18:02 of 1st period - Icing by Ryan McDonagh.
18:03 of 1st period - Aleksander Barkov wins face-off versus Alexander Ovechkin in Capitals zone.
18:38 of 1st period - Shot by Patrik Laine.
18:38 of 1st period - Shot Misses the Net.
18:40 of 1st period - Shot by Patrik Laine.
18:40 of 1st period - Shot Misses the Net.
18:42 of 1st period - Shot by T.J. Brodie.
18:42 of 1st period - Stopped by Martin Jones without a rebound.
18:43 of 1st period - Evan Rodrigues wins face-off versus Joe Thornton in Capitals zone.
Goals for this period are 1 for Capitals vs 0 for Panthers.
Shots for this period are 8 for Capitals vs 9 for Panthers.

2nd period


0:01 of 2nd period - Tyler Seguin wins face-off versus Mathieu Perreault in neutral zone.
0:10 of 2nd period - Shot by Matthew Tkachuk.
0:10 of 2nd period - Stopped by Martin Jones without a rebound.
0:11 of 2nd period - Tyler Graovac wins face-off versus Aleksander Barkov in Capitals zone.
0:11 of 2nd period - Tyler Graovac is hit by Nikolaj Ehlers.
0:23 of 2nd period - Shot by Nikolaj Ehlers.
0:23 of 2nd period - Shot Misses the Net.
0:53 of 2nd period - Shot by Aleksander Barkov.
0:53 of 2nd period - Stopped by Martin Jones without a rebound.
0:54 of 2nd period - Tyler Seguin wins face-off versus Mathieu Perreault in Capitals zone.
0:57 of 2nd period - Shot by Blake Wheeler.
0:57 of 2nd period - Shot Misses the Net.
0:59 of 2nd period - Shot by Samuel Girard.
0:59 of 2nd period - Shot Misses the Net.
1:53 of 2nd period - Off-side.
1:54 of 2nd period - Ryan Kesler wins face-off versus Luke Glendening in neutral zone.
2:13 of 2nd period - Morgan Rielly is hit by Luke Glendening and loses puck.
2:58 of 2nd period - Shot by Aleksander Barkov.
2:58 of 2nd period - Deflect By Patrik Laine.
2:58 of 2nd period - Shot Misses the Net.
3:10 of 2nd period - Shot by Nikolaj Ehlers.
3:10 of 2nd period - Stopped by Martin Jones without a rebound.
3:11 of 2nd period - Tyler Graovac wins face-off versus Joe Thornton in Capitals zone.
4:17 of 2nd period - Tyler Seguin is hit by Mark Borowiecki and loses puck.
4:36 of 2nd period - Shot by Tyler Seguin.
4:36 of 2nd period - Shot Misses the Net.
4:54 of 2nd period - Blake Wheeler is hit by Mark Borowiecki and loses puck.
5:24 of 2nd period - Icing by Francois Beauchemin.
5:25 of 2nd period - Aleksander Barkov wins face-off versus Alexander Ovechkin in Panthers zone.
5:36 of 2nd period - Icing by Ryan McDonagh.
5:37 of 2nd period - Luke Glendening wins face-off versus Alexander Ovechkin in Capitals zone.
5:47 of 2nd period - Minor Penalty to Derek Dorsett for Holding.
5:48 of 2nd period - Aleksander Barkov wins face-off versus David Desharnais in Capitals zone.
6:07 of 2nd period - Shot by Patrik Laine.
6:07 of 2nd period - Shot Misses the Net.
6:09 of 2nd period - Shot by Michael Matheson.
6:09 of 2nd period - Stopped by Martin Jones with a rebound.
6:11 of 2nd period - Shot by Michael Matheson.
6:11 of 2nd period - Stopped by Martin Jones without a rebound.
6:12 of 2nd period - Tyler Seguin wins face-off versus David Desharnais in Capitals zone.
6:29 of 2nd period - Shot by Drew Doughty.
6:29 of 2nd period - Shot Misses the Net.
7:07 of 2nd period - Shot by Aleksander Barkov.
7:07 of 2nd period - Shot Hit the Post.
7:39 of 2nd period - Icing by Aleksander Barkov.
7:40 of 2nd period - David Desharnais wins face-off versus Patrik Laine in Panthers zone.
7:50 of 2nd period - Icing by Andrew Ladd.
7:51 of 2nd period - Tyler Graovac wins face-off versus Joe Thornton in Panthers zone.
7:56 of 2nd period - Shot by Evan Rodrigues.
7:56 of 2nd period - Deflect By Tyler Graovac.
7:56 of 2nd period - Shot Misses the Net.
7:58 of 2nd period - Shot by Mark Borowiecki.
7:58 of 2nd period - Shot Misses the Net.
8:00 of 2nd period - Shot by Evan Rodrigues.
8:00 of 2nd period - Shot Misses the Net.
8:06 of 2nd period - Shot by Evan Rodrigues.
8:06 of 2nd period - Shot Misses the Net.
8:08 of 2nd period - Shot by Mark Borowiecki.
8:08 of 2nd period - Stopped by Devan Dubnyk with a rebound.
8:10 of 2nd period - Shot by Evan Rodrigues.
8:10 of 2nd period - Shot Blocked by T.J. Brodie.
8:12 of 2nd period - Shot by Mark Borowiecki.
8:12 of 2nd period - Shot Blocked by T.J. Brodie.
8:14 of 2nd period - Shot by Evan Rodrigues.
8:14 of 2nd period - Goal by Evan Rodrigues - Capitals : 2 - Panthers : 0.
8:15 of 2nd period - Matthew Tkachuk wins face-off versus Mathieu Perreault in neutral zone.
8:15 of 2nd period - Matthew Tkachuk is hit by Alexander Ovechkin.
8:24 of 2nd period - Shot by Mathieu Perreault.
8:24 of 2nd period - Shot Blocked by Tyler Seguin.
9:14 of 2nd period - Shot by Aleksander Barkov.
9:14 of 2nd period - Goal by Aleksander Barkov - Capitals : 2 - Panthers : 1.
9:15 of 2nd period - Ryan Kesler wins face-off versus Joe Thornton in neutral zone.
9:26 of 2nd period - Icing by Andrew Ladd.
9:27 of 2nd period - Joe Thornton wins face-off versus Tyler Graovac in Panthers zone.
9:38 of 2nd period - Icing by Morgan Rielly.
9:39 of 2nd period - Tyler Graovac wins face-off versus Aleksander Barkov in Capitals zone.
9:52 of 2nd period - Icing by Morgan Rielly.
9:53 of 2nd period - Tyler Seguin wins face-off versus Tyler Graovac in Capitals zone.
9:59 of 2nd period - Off-side.
10:00 of 2nd period - Ryan Kesler wins face-off versus Tyler Seguin in neutral zone.
10:08 of 2nd period - Icing by Tyler Seguin.
10:09 of 2nd period - Mathieu Perreault wins face-off versus Tyler Seguin in Panthers zone.
10:31 of 2nd period - Shot by Alexander Ovechkin.
10:31 of 2nd period - Shot Misses the Net.
10:43 of 2nd period - Shot by Tyler Seguin.
10:43 of 2nd period - Shot Misses the Net.
10:45 of 2nd period - Shot by Andy Greene.
10:45 of 2nd period - Shot Misses the Net.
10:47 of 2nd period - Shot by Andy Greene.
10:47 of 2nd period - Stopped by Martin Jones without a rebound.
10:48 of 2nd period - Nikolaj Ehlers wins face-off versus Tyler Graovac in Capitals zone.
11:16 of 2nd period - Aleksander Barkov is hit by Mike Green and loses puck.
11:27 of 2nd period - Shot by Nikolaj Ehlers.
11:27 of 2nd period - Shot Blocked by Tyler Graovac.
11:29 of 2nd period - Shot by Nikolaj Ehlers.
11:29 of 2nd period - Shot Misses the Net.
11:31 of 2nd period - Shot by T.J. Brodie.
11:31 of 2nd period - Stopped by Martin Jones without a rebound.
11:32 of 2nd period - Ryan Kesler wins face-off versus Luke Glendening in Capitals zone.
11:37 of 2nd period - Shot by Cody Eakin.
11:37 of 2nd period - Shot Misses the Net.
11:39 of 2nd period - Shot by Lukas Sedlak.
11:39 of 2nd period - Shot Misses the Net.
11:41 of 2nd period - Shot by Ryan Murphy.
11:41 of 2nd period - Stopped by Devan Dubnyk without a rebound.
11:42 of 2nd period - Tyler Seguin wins face-off versus Mathieu Perreault in Panthers zone.
12:08 of 2nd period - Shot by Tyler Seguin.
12:08 of 2nd period - Stopped by Martin Jones without a rebound.
12:09 of 2nd period - Ryan Kesler wins face-off versus Joe Thornton in Capitals zone.
12:41 of 2nd period - Icing by Justin Williams.
12:42 of 2nd period - Joe Thornton wins face-off versus Mathieu Perreault in Panthers zone.
13:47 of 2nd period - Shot by Evan Rodrigues.
13:47 of 2nd period - Stopped by Devan Dubnyk without a rebound.
13:48 of 2nd period - Aleksander Barkov wins face-off versus Ryan Kesler in Panthers zone.
13:55 of 2nd period - Icing by Ryan Kesler.
13:56 of 2nd period - Ryan Kesler wins face-off versus Tyler Seguin in Capitals zone.
14:37 of 2nd period - Shot by Matthew Tkachuk.
14:37 of 2nd period - Shot Misses the Net.
14:44 of 2nd period - Icing by Morgan Rielly.
14:45 of 2nd period - Aleksander Barkov wins face-off versus Lukas Sedlak in Capitals zone.
15:42 of 2nd period - Taylor Hall is hit by Drew Doughty and loses puck.
16:16 of 2nd period - Off-side.
16:17 of 2nd period - Tyler Seguin wins face-off versus Tyler Graovac in neutral zone.
16:29 of 2nd period - Minor Penalty to Blake Wheeler for High sticking.
16:30 of 2nd period - Taylor Hall wins face-off versus Luke Glendening in Panthers zone.
16:48 of 2nd period - Icing by Tyler Graovac.
16:49 of 2nd period - Taylor Hall wins face-off versus Luke Glendening in Capitals zone.
17:38 of 2nd period - Shot by Mathieu Perreault.
17:38 of 2nd period - Shot Misses the Net.
18:03 of 2nd period - Off-side.
18:04 of 2nd period - Luke Glendening wins face-off versus Taylor Hall in neutral zone.
18:40 of 2nd period - Off-side.
18:41 of 2nd period - Tyler Seguin wins face-off versus Tyler Graovac in neutral zone.
18:44 of 2nd period - Shot by Matthew Tkachuk.
18:44 of 2nd period - Stopped by Martin Jones without a rebound.
18:45 of 2nd period - Ryan Kesler wins face-off versus Tyler Seguin in Capitals zone.
19:02 of 2nd period - Shot by Ryan Kesler.
19:02 of 2nd period - Shot Misses the Net.
19:08 of 2nd period - Shot by Ryan Kesler.
19:08 of 2nd period - Shot Misses the Net.
19:14 of 2nd period - Shot by Cody Eakin.
19:14 of 2nd period - Shot Misses the Net.
19:16 of 2nd period - Shot by Lukas Sedlak.
19:16 of 2nd period - Shot Misses the Net.
19:44 of 2nd period - Shot by Tyler Graovac.
19:44 of 2nd period - Stopped by Devan Dubnyk with a rebound.
19:50 of 2nd period - Shot by Evan Rodrigues.
19:50 of 2nd period - Stopped by Devan Dubnyk with a rebound.
Goals for this period are 1 for Capitals vs 1 for Panthers.
Shots for this period are 6 for Capitals vs 10 for Panthers.

3rd period


0:01 of 3rd period - Mathieu Perreault wins face-off versus Nikolaj Ehlers in neutral zone.
0:06 of 3rd period - Shot by Mathieu Perreault.
0:06 of 3rd period - Stopped by Devan Dubnyk with a rebound.
0:28 of 3rd period - Shot by Taylor Hall.
0:28 of 3rd period - Shot Blocked by Drew Doughty.
1:19 of 3rd period - Shot by Evan Rodrigues.
1:19 of 3rd period - Shot Misses the Net.
1:37 of 3rd period - Shot by Ryan Kesler.
1:37 of 3rd period - Shot Misses the Net.
1:39 of 3rd period - Shot by Ryan Kesler.
1:39 of 3rd period - Shot Misses the Net.
1:43 of 3rd period - Shot by Cody Eakin.
1:43 of 3rd period - Goal by Cody Eakin - Capitals : 3 - Panthers : 1.
1:44 of 3rd period - Tyler Seguin wins face-off versus Derek Dorsett in neutral zone.
1:53 of 3rd period - Shot by Alexander Ovechkin.
1:53 of 3rd period - Stopped by Devan Dubnyk without a rebound.
1:54 of 3rd period - Ryan Kesler wins face-off versus Tyler Seguin in Panthers zone.
2:15 of 3rd period - Shot by Matthew Tkachuk.
2:15 of 3rd period - Shot Blocked by Calvin de Haan.
2:17 of 3rd period - Shot by Samuel Girard.
2:17 of 3rd period - Stopped by Martin Jones with a rebound.
2:28 of 3rd period - Icing by Andy Greene.
2:29 of 3rd period - Mathieu Perreault wins face-off versus Tyler Seguin in Panthers zone.
2:36 of 3rd period - Samuel Girard is hit by Mathieu Perreault and loses puck.
2:40 of 3rd period - Icing by Samuel Girard.
2:41 of 3rd period - Tyler Graovac wins face-off versus Tyler Seguin in Panthers zone.
2:41 of 3rd period - Morgan Rielly is hit by Samuel Girard and loses puck.
3:06 of 3rd period - Icing by Francois Beauchemin.
3:07 of 3rd period - Mathieu Perreault wins face-off versus Joe Thornton in Panthers zone.
3:12 of 3rd period - Shot by Alexander Ovechkin.
3:12 of 3rd period - Shot Misses the Net.
3:29 of 3rd period - Shot by Taylor Hall.
3:29 of 3rd period - Stopped by Devan Dubnyk with a rebound.
3:31 of 3rd period - Shot by Ryan McDonagh.
3:31 of 3rd period - Shot Misses the Net.
3:33 of 3rd period - Shot by Alexander Ovechkin.
3:33 of 3rd period - Shot Blocked by Michael Matheson.
3:35 of 3rd period - Shot by Alexander Ovechkin.
3:35 of 3rd period - Shot Misses the Net.
3:37 of 3rd period - Shot by Alexander Ovechkin.
3:37 of 3rd period - Deflect By Mathieu Perreault.
3:37 of 3rd period - Stopped by Devan Dubnyk without a rebound.
3:38 of 3rd period - Tyler Graovac wins face-off versus Luke Glendening in Panthers zone.
3:43 of 3rd period - Shot by Evan Rodrigues.
3:43 of 3rd period - Shot Misses the Net.
3:52 of 3rd period - Shot by Luke Glendening.
3:52 of 3rd period - Stopped by Martin Jones without a rebound.
3:53 of 3rd period - Ryan Kesler wins face-off versus Tyler Seguin in Capitals zone.
4:33 of 3rd period - Samuel Girard is hit by Ryan Kesler and loses puck.
4:41 of 3rd period - Icing by Samuel Girard.
4:42 of 3rd period - Tyler Seguin wins face-off versus Mathieu Perreault in Panthers zone.
4:58 of 3rd period - Shot by Taylor Hall.
4:58 of 3rd period - Stopped by Devan Dubnyk without a rebound.
4:59 of 3rd period - Patrik Laine wins face-off versus Tyler Graovac in Panthers zone.
4:59 of 3rd period - Patrik Laine is hit by Tyler Graovac.
6:35 of 3rd period - Calvin de Haan is hit by Joe Thornton and loses puck.
6:52 of 3rd period - Pierre-Edouard Bellemare is hit by Ryan Kesler and loses puck.
7:48 of 3rd period - Icing by Morgan Rielly.
7:49 of 3rd period - Aleksander Barkov wins face-off versus Tyler Graovac in Capitals zone.
7:56 of 3rd period - Shot by Aleksander Barkov.
7:56 of 3rd period - Deflect By Nikolaj Ehlers.
7:56 of 3rd period - Stopped by Martin Jones without a rebound.
7:57 of 3rd period - Joe Thornton wins face-off versus Mathieu Perreault in Capitals zone.
8:06 of 3rd period - Shot by Andrew Ladd.
8:06 of 3rd period - Deflect By Joe Thornton.
8:06 of 3rd period - Stopped by Martin Jones without a rebound.
8:07 of 3rd period - Tyler Seguin wins face-off versus Mathieu Perreault in Capitals zone.
8:07 of 3rd period - Drew Doughty is hit by Mark Borowiecki and loses puck.
8:16 of 3rd period - Shot by Taylor Hall.
8:16 of 3rd period - Stopped by Devan Dubnyk without a rebound.
8:17 of 3rd period - Aleksander Barkov wins face-off versus Ryan Kesler in Panthers zone.
9:10 of 3rd period - Icing by Aleksander Barkov.
9:11 of 3rd period - Aleksander Barkov wins face-off versus Mathieu Perreault in Panthers zone.
9:40 of 3rd period - Aleksander Barkov is hit by Mathieu Perreault and loses puck.
10:07 of 3rd period - Shot by Blake Wheeler.
10:07 of 3rd period - Shot Misses the Net.
10:17 of 3rd period - Shot by Blake Wheeler.
10:17 of 3rd period - Shot Misses the Net.
10:32 of 3rd period - Mike Green is hit by Drew Doughty and loses puck.
11:13 of 3rd period - Shot by Andrew Ladd.
11:13 of 3rd period - Shot Misses the Net.
11:34 of 3rd period - Icing by Mark Borowiecki.
11:35 of 3rd period - Tyler Graovac wins face-off versus Luke Glendening in Capitals zone.
11:35 of 3rd period - Tyler Graovac is hit by Joel Armia.
11:43 of 3rd period - Shot by David Desharnais.
11:43 of 3rd period - Stopped by Devan Dubnyk without a rebound.
11:44 of 3rd period - Ryan Kesler wins face-off versus Luke Glendening in Panthers zone.
12:34 of 3rd period - Shot by Tyler Seguin.
12:34 of 3rd period - Stopped by Martin Jones without a rebound.
12:35 of 3rd period - Tyler Graovac wins face-off versus Aleksander Barkov in Capitals zone.
12:51 of 3rd period - Aleksander Barkov is hit by Mark Borowiecki and loses puck.
13:02 of 3rd period - Shot by Patrik Laine.
13:02 of 3rd period - Shot Misses the Net.
14:47 of 3rd period - Shot by Andrew Ladd.
14:47 of 3rd period - Stopped by Martin Jones with a rebound.
16:00 of 3rd period - Icing by Michael Matheson.
16:01 of 3rd period - Luke Glendening wins face-off versus Ryan Kesler in Panthers zone.
17:16 of 3rd period - Shot by Nikolaj Ehlers.
17:16 of 3rd period - Shot Misses the Net.
17:30 of 3rd period - Ryan McDonagh is hit by Patrik Laine.
17:59 of 3rd period - Michael Matheson is hit by Mathieu Perreault and loses puck.
18:12 of 3rd period - Shot by Joe Thornton.
18:12 of 3rd period - Goal by Joe Thornton - Capitals : 3 - Panthers : 2.
18:13 of 3rd period - Tyler Graovac wins face-off versus Pierre-Edouard Bellemare in neutral zone.
18:41 of 3rd period - Drew Doughty is hit by Morgan Rielly and loses puck.
19:22 of 3rd period - Panthers, Devan Dubnyk is pulled from the net.
Goals for this period are 1 for Capitals vs 1 for Panthers.
Shots for this period are 8 for Capitals vs 7 for Panthers.